 Dungeon Crawl Stone Soup version 0.30-a0-1176-gcdfb0321a8 (webtiles) character file.

Game seed: 10912622203469489331

98 Morbidden the Grave Robber (level 4, 0/30 (31) HPs)
             Began as a Vampire Necromancer on Apr 30, 2023.
             Slain by a gnoll
             ... wielding a +1 whip of draining
              (1 damage)
             ... on level 2 of the Dungeon.
             The game lasted 00:02:28 (1535 turns).

Morbidden the Grave Robber (Vampire Necromancer)    Turns: 1535, Time: 00:02:29

HP:   0/30 (31)     AC:  3    Str:  7    XL:     4   Next: 44%
MP:   2/8           EV:  9    Int: 19    God:
Gold: 118           SH:  0    Dex: 14    Spells: 5/9 levels left

rFire   . . .        (no weapon)
rCold   . . .        (no shield)
rNeg    . . .        e - +0 leather armour
rPois   .            (no helmet)
rElec   .            (no cloak)
rCorr   .            (no gloves)
SInv    +            (no boots)
Will    .....        (no amulet)
Stlth   ++           (no ring)
HPRegen 0.45/turn    (no ring)
MPRegen 0.11/turn

%: no passive effects
@: grasped by roots, healing quickly, constricted, lightly drained
A: alive, fangs 3, see invisible, vampiric 2
a: Exsanguinate


You were on level 2 of the Dungeon.
You visited 1 branch of the dungeon, and saw 2 of its levels.

You collected 118 gold pieces.

Inventory:

Missiles
 f - 6 boomerangs
 i - 4 poisoned darts
Armour
 e - a +0 leather armour (worn)
Scrolls
 a - a scroll of amnesia
 c - 2 scrolls of identify {unknown}
 h - a scroll of teleportation {unknown}
Potions
 b - 2 potions of magic
 d - 3 potions of curing
 g - a potion of attraction {unknown}


   Skills:
 * Level 0.9 Fighting
 * Level 0.7 Armour
 * Level 2.5 Dodging
 + Level 3.0 Stealth
 * Level 0.3 Unarmed Combat
 * Level 3.1 Spellcasting
 * Level 5.1 Necromancy


You had 5 spell levels left.
You knew the following spells:

 Your Spells              Type           Power      Damage    Failure   Level
a - Necrotise             Necr           88%        1d8       2%          1
b - Vampiric Draining     Necr           22%        2d7       8%          3

Your spell library contained the following spells:

 Spells                   Type           Power      Damage    Failure   Level
 Animate Dead             Necr           22%        N/A       26%         4
 Ignite Poison            Fire/Tmut/Pois 2%         N/A       54%         3
 Agony                    Necr           22%        N/A       58%         5
 Sticky Flame             Conj/Fire      2%         2d3       91%         4
 Ignition                 Fire           1%         3d3       100%        8


Dungeon Overview and Level Annotations

Branches:
Dungeon (2/15)

Altars:

Shops:
D:1 *

Annotations:
D:2 Natasha


Innate Abilities, Weirdness & Mutations

Your natural rate of healing is accelerated.
You have razor-sharp teeth.
You have supernaturally acute eyesight. (SInv)
You are afflicted with vampirism and can become a bat while bloodless.


Message History

Unknown command.
Unknown command.
Unknown command.
Unknown command.
Okay, then.
Casting: Necrotise (safe; 2% risk of failure)
Confirm with . or Enter, or press ? or * to list all spells.
The spell is quite dangerous to miscast (8% risk of failure)!
Continue anyway?
Aiming: Vampiric Draining (quite dangerous; 8% risk of failure)
Press: ? - help, Shift-Dir - straight line, f/p - gnoll
Aim: a gnoll, wielding a +0 club (moderately wounded, ally target)
You draw life force from the gnoll!
You feel life coursing into your body. The gnoll hits you but does no damage.
The grasping roots constrict you.
* * * LOW HITPOINT WARNING * * *
Unknown command.
Unknown command.
Unknown command.
Unknown command.
Unknown command.
Unknown command.
Casting: Vampiric Draining (quite dangerous; 8% risk of failure)
Confirm with . or Enter, or press ? or * to list all spells.
You don't have enough magic to cast this spell.
Unknown command.
Okay, then.
It was a potion of curing.
You feel better. The gnoll hits you with a +0 club.
* * * LOW HITPOINT WARNING * * *
The gnoll barely misses you. x2
Natasha mumbles some strange words.
The grasping roots constrict you.
* * * LOW HITPOINT WARNING * * *
Your ball python skeleton barely misses the gnoll. x2
Your kobold skeleton hits the gnoll.
You feel better. The gnoll hits you with a +0 club!
* * * LOW HITPOINT WARNING * * *
The gnoll completely misses you.
The gnoll hits you with a +1 whip of draining.
* * * LOW HITPOINT WARNING * * *
You feel drained.
You die...

##.....## ##.....## #...?...#
#...)...# #. #...)...# #.......#
#. #.......# #.......# #.#
#.....# ##.....## .###.## #...#
.# ##...##.
.##...######'#######'#######'##..
.#.....#..).........5...........#
..............Zg@.h...........Z.#
..............Zgg...............#
..>......###'#######'#######'####
.........##...# .# ##...##
........##.....# . ##.....##
.#...<..#.......# #.......#
.##...#.#.......# #.......#
.#####.># ..# #.......#
........## ### ###.....##


You could see Natasha, 3 gnolls, a cerulean imp (summoned), a friendly ball
python skeleton and a friendly kobold skeleton.

Vanquished Creatures
  Natasha (twice) (D:2)
  An adder (D:2)
  A dart slug (D:1)
  A bat (D:1)
  3 endoplasms (D:1)
  2 giant cockroaches
  2 goblins
  4 hobgoblins
  5 jackals (D:1)
  3 kobolds (D:2)
  4 ball pythons
  2 frilled lizards (D:2)
  5 rats
35 creatures vanquished.

Vanquished Creatures (collateral kills)
  A jackal (D:1)
  A goblin (D:2)
2 creatures vanquished.

Grand Total: 37 creatures vanquished

Notes
Turn   | Place    | Note
-------+----------+-------------------------------------------
     0 | D:1      | Morbidden the Vampire Necromancer began the quest for the
                  | Orb.
     0 | D:1      | Reached XP level 1. HP: 13/13 MP: 3/3
   168 | D:1      | Reached XP level 2. HP: 20/20 MP: 3/5
   439 | D:1      | Found Xuomn's Assorted Antiques.
   817 | D:2      | Found a faded altar of an unknown god.
   843 | D:2      | Gained mutation: You are afflicted with vampirism and can
                  | become a bat while bloodless. [Vampire growth]
   843 | D:2      | Reached XP level 3. HP: 25/25 MP: 1/6
  1119 | D:2      | Noticed Natasha
  1133 | D:2      | Killed Natasha
  1134 | D:2      | Reached skill level 5 in Necromancy
  1177 | D:2      | Learned a level 3 spell: Vampiric Draining
  1261 | D:2      | Reached XP level 4. HP: 31/31 MP: 4/7
  1351 | D:2      | Noticed Natasha
  1356 | D:2      | Killed Natasha
  1529 | D:2      | Noticed Natasha
  1535 | D:2      | HP: 1/31 [gnoll/+1 whip of draining (5)]
  1535 | D:2      | Slain by a gnoll

Illustrated notes

Levels and vault maps discovered:
D:1:      lemuel_arrival_muddy, layout_rooms, serial_shops,
          nicolae_shop_just_a_little_nook
D:2:      kennysheep_six_static_rooms, layout_loops_ring,
          hellmonk_ecumenical_altar_zigzags, minmay_ruptured, uniq_natasha

Skill      XL: |  1  2  3  4 |
---------------+-------------+-----
Necromancy     | 5 |  5.1
Spellcasting   | 3 |  3.1
Fighting       | |  0.9
Armour         | |  0.7
Dodging        | |  2.5
Stealth        | |  3.0
Unarmed Combat | |  0.3

Action                     |  1- 3 |  4- 6 || total
---------------------------+-------+-------++-------
  Melee: Unarmed           |    22 |       ||    22
         Bite              |     1 |       ||     1
   Cast: Necrotise         |    53 |    10 ||    63
         Vampiric Draining |       |     1 ||     1
    Use: Potion            |       |     2 ||     2
         Scroll            |       |     1 ||     1
 Armour: Robe              |     5 |       ||     5
         Leather armour    |     5 |     1 ||     6
  Dodge: Dodged            |    15 |     4 ||    19

Table legend: (Time is in decaauts)
 A = Elapsed time spent in this place.
 B = Non-inter-level travel time spent in this place.
 C = Inter-level travel time spent in this place.
 D = Time resting spent in this place.
 E = Time spent auto-exploring this place.
 F = Levels seen in this place.
 G = Mean time per level.
                   A        B        C        D        E       F      G
               +--------+--------+--------+--------+--------+-----+--------+
         Total |   1537 |   1482 |     55 |     39 |   1229 |   2 |  768.5 |
       Dungeon |   1537 |   1482 |     55 |     39 |   1229 |   2 |  768.5 |
               +--------+--------+--------+--------+--------+-----+--------+

Top non-repeatable levels by time:
     D:1: 773 daAuts
     D:2: 763 daAuts
